 Dungeon Crawl Stone Soup version 0.30.0-20-g3b4254fcbd (webtiles) character file.

Game seed: 12394910125990142982

39 Peloso the Shield-Bearer (level 3, 33/33 HPs)
             Began as a Minotaur Fighter on June 2, 2023.
             Got out of the dungeon alive.
             The game lasted 00:01:44 (797 turns).

Peloso the Shield-Bearer (Minotaur Fighter)          Turns: 797, Time: 00:01:45

Health: 33/33      AC:  7    Str: 20    XL:     3   Next: 26%
Magic:  2/2        EV:  9    Int:  5    God:
Gold:   84         SH:  4    Dex: 11    Spells: 2/2 levels left

rFire   + . .        a - +0 long sword
rCold   + . .        c - +0 buckler
rNeg    . . .        b - +0 scale mail
rPois   +            (helmet unavailable)
rElec   +            (no cloak)
rCorr   +            (no gloves)
SInv    .            (no boots)
Will    .....        (no amulet) Stlth
                     (no ring)
HPRegen 0.25/turn    (no ring)
MPRegen 0.08/turn

%: no passive effects
@: resistant
A: horns 3, retaliatory headbutt
a: no special abilities


You escaped.
You visited 1 branch of the dungeon, and saw 2 of its levels.

You collected 84 gold pieces.

Inventory:

Hand Weapons
 a - a +0 long sword (weapon)
Armour
 b - a +0 scale mail (worn)
 c - a +0 buckler (worn)
Scrolls
 f - a scroll of enchant armour {unknown}
 g - a scroll of fear {unknown}
Potions
 d - a potion of might
 h - a potion of curing


   Skills:
 + Level 4.0 Fighting
 + Level 3.1 Long Blades
 + Level 4.0 Armour
 + Level 0.3 Dodging
 + Level 4.2 Shields


You had 2 spell levels left.
You didn't know any spells.
Your spell library was empty.

Dungeon Overview and Level Annotations

Branches:
Dungeon (2/15)

Altars:

Shops:
D:1 =


Innate Abilities, Weirdness & Mutations

You have a pair of large horns on your head.
You reflexively headbutt those who attack you in melee.


Message History

You kill the endoplasm!
HP restored.
h - 2 metallic coppery potions You now have 84 gold pieces (gained 8).
i - a brown potion A dart slug comes into view.
A dart slug is nearby!
A dart slug is nearby!
A dart slug is nearby!
You block the dart slug's attack.
You slash the dart slug! Your headbutt misses the dart slug.
The dart slug is severely wounded.
The dart slug bites you.
You slash the dart slug!
You kill the dart slug!
A rat comes into view.
A rat is nearby!
A rat is nearby!
A rat is nearby!
You barely miss the rat.
The rat bites you but does no damage. x2
You completely miss the rat. The rat closely misses you.
You slash the rat!
You kill the rat!
It was a potion of curing.
You feel better.
It was a potion of resistance.
You feel protected.
It was a potion of mutation.
You feel extremely strange. The horns on your head grow some more.
(D) Dungeon
Where to? (Enter - D:12, ? - help)
What level of the Dungeon? (default 1, ? - help)
There is a stone staircase leading up here.
You climb upwards.
There is a stone staircase leading down here.
There is an open door here.
There is an open door here.
There is an open door here.
There is a staircase leading out of the dungeon here.
Are you sure you want to leave the Dungeon?
This will make you lose the game!
You have escaped!

#...# #.##.####≈.§.≈.≈.§§§.
##.### #.##.# #.8§§.8...8..
.#.# #.##'# ##.§§≈.≈.≈.§§
.#.### #.##.# ####.#.##.§.
.....# #.##+# #.#....§#
.....########.##.# #.#.#####
....††).......##'## #.#.#
.....###..#####...#######.#.#
.....#
##.'.'.'.@.'.'.'.#.#.###
#....#
#######...#####.#.....#
.##.## ##'##...........#
.##.# #.####.###.....# .##.#
#'# #.####....# .##.# #.#
#........## ..#.#
#'#########...## #.#.#
#..............# #.#.#
##.###########.###


There were no monsters in sight!

Vanquished Creatures
  2 dart slugs
  2 ball pythons (D:1)
  2 endoplasms
  3 hobgoblins (D:1)
  2 jackals (D:1)
  A quokka (D:1)
  7 bats (D:1)
  A frilled lizard (D:1)
  5 goblins (D:1)
  A kobold (D:1)
  6 rats
32 creatures vanquished.

Notes
Turn   | Place    | Note
-------+----------+-------------------------------------------
     0 | D:1      | Peloso the Minotaur Fighter began the quest for the Orb.
     0 | D:1      | Reached XP level 1. HP: 19/19 MP: 0/0
   109 | D:1      | Reached XP level 2. HP: 27/27 MP: 1/1
   402 | D:1      | Reached XP level 3. HP: 33/33 MP: 2/2
   628 | D:1      | Found Abaw's Jewellery Boutique.
   751 | D:2      | Gained mutation: You have a pair of large horns on your
                  | head. [potion of mutation]
   797 | D:$      | Got out of the dungeon alive.

Illustrated notes

Levels and vault maps discovered:
D:1:      minmay_arrival_doors, layout_basic, serial_shops,
          nicolae_shop_behind_doors, kennysheep_crisscross
D:2:      layout_basic, basic_altar, lightli_corner_chamber

Skill      XL: |  1  2 |
---------------+-------+-----
Shields        | 4 |  4.2
Armour         | 4 |  4.0
Long Blades    | 3 |  3.1
Fighting       | 4 |  4.0
Dodging        | |  0.3

Action                     || total
---------------------------++-------
  Melee: Long sword        ||    64
         Headbutt          ||     7
    Use: Potion            ||     3
 Armour: Scale mail        ||    41
  Dodge: Dodged            ||    42
  Block: Buckler           ||    17
